 Dungeon Crawl Stone Soup version 0.27.1-34-g3ba077fa99 (webtiles) character file.

Game seed: 2370473253053768095

3229 Delamore the Covert (level 9, -9/50 (54) HPs)
             Began as an Octopode Brigand on Feb 3, 2022.
             Was an Initiate of Gozag.
             Mangled by a wight (13 damage)
             ... on level 7 of the Dungeon.
             The game lasted 00:10:04 (10229 turns).

Delamore the Covert (Octopode Brigand)             Turns: 10229, Time: 00:10:04

HP:   -9/50 (54)    AC:  1    Str: 11    XL:     9   Next: 98%
MP:   9/9           EV: 19    Int: 13    God:    Gozag
Gold: 548           SH:  0    Dex: 16    Spells: 8/8 levels left

rFire    . . .     SeeInvis +   z - +0 dagger (elec)
rCold    . . .     Faith    .   (no shield)
rNeg     + . .     Spirit   .   (helmet restricted)
rPois    .         Reflect  .   (no amulet)
rElec    .         Harm     .   w - +4 ring of evasion
rCorr    .         Rampage  .   x - ring of positive energy
Will     .....                  y - ring of see invisible
Stlth    +++.......             H - ring of wizardry
HPRegen  0.16/turn              (no ring)
MPRegen  0.11/turn              (no ring)
                                (no ring)
                                (no ring)

@: confused, mighty, flying, drained
A: almost no armour, amphibious, 8 rings, camouflage 1, gelatinous body 1,
(nimble swimmer 1), tentacles
a: Renounce Religion, Potion Petition, Call Merchant, Bribe Branch


You were on level 7 of the Dungeon.
You worshipped Gozag.
Gozag was pleased with you.
You visited 2 branches of the dungeon, and saw 10 of its levels.

You collected 576 gold pieces.
You paid 28 gold pieces to Gozag.

Inventory:

Hand Weapons
 a - a +2 dagger
 h - a +3 dagger of venom
 q - a +1 dagger of freezing
 z - a +0 dagger of electrocution (weapon)
Missiles
 b - 38 poisoned darts (quivered)
 c - 2 curare-tipped darts
 f - 3 throwing nets
 C - 7 boomerangs of dispersal
 F - 3 boomerangs
 I - 8 javelins
Jewellery
 w - a +4 ring of evasion (left tentacle)
 x - a ring of positive energy (right tentacle)
 y - a ring of see invisible (on tentacle)
 H - a ring of wizardry (on tentacle)
Wands
 r - a wand of flame (54)
 u - a wand of iceblast (17)
 v - a wand of polymorph (5)
 B - a wand of digging (6)
Scrolls
 d - 4 scrolls of teleportation
 g - a scroll of holy word
 j - 2 scrolls of noise
 k - a scroll of immolation {unknown}
 n - 2 scrolls of amnesia
 o - a scroll of enchant armour {unknown}
 p - 3 scrolls of magic mapping
 s - a scroll of torment {unknown}
 t - a scroll of fear {unknown}
Potions
 e - a potion of might
 i - a potion of curing
 l - a potion of flight
 m - 2 potions of lignification {unknown}
 A - 2 potions of magic {unknown}
 D - 2 potions of haste {unknown}
 E - 3 potions of heal wounds {unknown}
 G - a potion of invisibility {unknown}
 J - a potion of cancellation {unknown}


   Skills:
 - Level 2.0 Fighting
 - Level 10.0 Short Blades
 + Level 4.6 Throwing
 + Level 4.3 Dodging
 - Level 10.0 Stealth
 + Level 4.6 Evocations


You had 8 spell levels left.
You didn't know any spells.
Your spell library contained the following spells:

 Spells                   Type           Power      Damage    Failure   Level
 Apportation              Tloc           0%         N/A       12%         1
 Foxfire                  Conj/Fire      0%         2x1d4     12%         1
 Freeze                   Ice            0%         1d3       12%         1
 Magic Dart               Conj           0%         1d3       12%         1
 Call Imp                 Summ           0%         N/A       19%         2
 Sublimation of Blood     Necr           0%         N/A       19%         2
 Conjure Flame            Conj/Fire      0%         6-21      34%         3
 Frozen Ramparts          Ice            0%         1d2       34%         3
 Inner Flame              Hex/Fire       0%         N/A       34%         3
 Mephitic Cloud           Conj/Pois/Air  0%         N/A       34%         3
 Hailstorm                Conj/Ice       0%         3d3       73%         4
 Petrify                  Tmut/Erth      0%         N/A       73%         4
 Irradiate                Conj/Tmut      0%         3d13      96%         5
 Chain Lightning          Conj/Air       0%         N/A       100%        9
 Fire Storm               Conj/Fire      0%         5d1       100%        9


Dungeon Overview and Level Annotations

Branches:
Dungeon (9/15)             Temple (1/1) D:4
   Lair: D:8-11         Orc: D:9-12

Altars:
Ashenzari
Gozag
Kikubaaqudgha
Makhleb
Nemelex Xobeh
Ru
Sif Muna
Trog
Uskayaw
Vehumet
Yredelemnul
Zin


Innate Abilities, Weirdness & Mutations

You cannot wear most types of armour.
You are amphibious.
You can wear up to eight rings at the same time.
Your skin changes colour to match your surroundings (Stealth+).
Your rubbery body absorbs attacks. (AC +1, EV +1)
((You are camouflaged near water. (Stealth+)))
You have tentacles for arms and can constrict up to eight enemies at once.


Message History

The wight hits you from afar with a +5 halberd!
You partially resist.
You feel drained.
The wight hits you with a +0 great sword!
* * * LOW HITPOINT WARNING * * *
You partially resist.
You feel drained.
* * * LOW HITPOINT WARNING * * *
You feel less confused. The wight barely misses you.
The wight zaps a wand.
Your will is overpowered!
You are confused.
You bump into the rock wall.
You can't go up here!
You bump into the rock wall.
Okay, then.
It was a potion of might.
You feel very mighty all of a sudden. The wight barely misses you.
It was a potion of curing.
You feel better. The wight misses you.
The wight zaps a wand.
You easily resist.
There is a stone staircase leading up here.
The wight closely misses you.
You climb upwards.
There is a stone staircase leading down here.
The wight zaps a wand.
Your will is overpowered!
You are confused.
The now-empty wand crumbles to dust.
You see here 7 gold pieces.
You bump into the rock wall.
You miss the wight. You barely miss the wight.
The wight hits you with a +0 great sword!
* * * LOW HITPOINT WARNING * * *
You partially resist.
You feel drained.
* * * LOW HITPOINT WARNING * * *
It was a potion of flight.
You feel very buoyant.
You fly up into the air.
The wight hits you with a +0 great sword!
You die...
Your body crumbles into a pile of gold.

..................##.#
#......###
###.######....###.##.#
#......... #.# #...##
#....# #......### #
#.#######.## #.####
#......# #
#.........#####.#
#.##.##### #
#########.......#
#......... # ######.##
####.##### # #.# #.# # #@#
#.##### #z# #...... #>#
####.##### ########### #.#
#####....## #..$$$....# #.#
#.........# #.#######.# #$#
#.........#
#.#######.###$###.........#
#.##.....$...$.##..$$.....#
#.##.####.###...$.........#


You could see a wight.

Vanquished Creatures
  Sigmund (D:2)
  2 basilisks (D:8)
  2 orc warriors
  A sky beast (D:5)
  A black bear (D:7)
  2 necrophages
  2 ogres
  3 centaurs
  2 bullfrogs
  A scorpion (D:6)
  A water moccasin zombie (D:5)
  A wyvern skeleton (D:7)
  6 killer bees (D:7)
  2 water moccasin skeletons
  A wight (D:8)
  3 howler monkeys
  A centaur zombie (D:7)
  A bullfrog zombie (D:5)
  2 jellies
  5 orc priests
  A bullfrog skeleton (D:6)
  A centaur skeleton (D:7)
  Terence (D:3)
  Natasha (thrice) (D:4)
  4 iguanas
  9 orc wizards
  A scorpion zombie (D:5)
  7 gnolls
  10 adders
  A howler monkey skeleton (D:7)
  2 white imps (D:7)
  2 worms
  4 dart slugs
  12 orcs
  2 endoplasms
  2 giant cockroaches
  4 goblins
  4 hobgoblins
  6 jackals
  4 ball pythons
  3 bats
  2 frilled lizards
  7 kobolds
  3 rats
135 creatures vanquished.

Notes
Turn   | Place    | Note
-------+----------+-------------------------------------------
     0 | D:1      | Delamore the Octopode Brigand began the quest for the Orb.
     0 | D:1      | Reached XP level 1. HP: 14/14 MP: 1/1
   240 | D:1      | Reached XP level 2. HP: 19/19 MP: 2/2
  1191 | D:2      | Noticed Sigmund
  1228 | D:2      | Killed Sigmund
  1229 | D:2      | Reached XP level 3. HP: 24/24 MP: 3/3
  1229 | D:2      | Reached XP level 4. HP: 29/29 MP: 4/4
  1229 | D:2      | Reached XP level 5. HP: 34/34 MP: 5/5
  1482 | D:3      | Noticed Terence
  1496 | D:3      | Killed Terence
  1727 | D:3      | Reached XP level 6. HP: 39/39 MP: 6/6
  2112 | D:3      | Found a faded altar of an unknown god.
  2121 | D:3      | Got Plato's Disquisition on Translocation
  2362 | D:4      | Noticed Natasha
  2517 | D:4      | Killed Natasha
  2518 | D:4      | Reached XP level 7. HP: 44/45 MP: 7/7
  2554 | D:4      | Noticed Natasha
  2958 | D:4      | Killed Natasha
  2959 | D:4      | Reached skill level 10 in Stealth
  3090 | D:4      | Noticed Natasha
  3092 | D:4      | Killed Natasha
  3093 | D:4      | Reached skill level 5 in Short Blades
  3346 | D:4      | Found a staircase to the Ecumenical Temple.
  3357 | Temple   | Entered the Ecumenical Temple
  3469 | Temple   | Became a worshipper of Gozag Ym Sagoz the Greedy
  4485 | D:5      | Entered Level 5 of the Dungeon
  4762 | D:5      | Reached XP level 8. HP: 14/50 MP: 8/8
  6773 | D:6      | Found a basalt altar of Yredelemnul.
  6878 | D:6      | Identified the +2 pair of boots "Gamuf" {Rampage rF+ Dex+5}
  6976 | D:6      | Reached XP level 9. HP: 14/54 MP: 9/9
  8045 | D:7      | Reached skill level 1 in Evocations
  8847 | D:7      | Reached skill level 10 in Short Blades
  9166 | D:7      | You fall into a shaft and drop 2 floors!
  9325 | D:7      | Noticed a death knight
  9326 | D:7      | Noticed a seven-headed hydra
  9828 | D:8      | Noticed a komodo dragon
 10229 | D:7      | Mangled by a wight

Illustrated notes

Levels and vault maps discovered:
D:1:      elethiomel_arrival_quiet, layout_rooms
D:2:      layout_rooms, uniq_sigmund
D:3:      layout_loops_ring, shapermc_ecumenical_altar_rom_forum, uniq_terence
D:4:      layout_cave_pools, minmay_temple_entry_antechambers,
          palyth_stone_intersect, uniq_natasha
D:5:      layout_loops_cross, grunt_ministairs_5, serial_bayou_lake_a
D:6:      layout_layer_cave, yredelemnul_altar_generic
D:7:      minmay_the_grid_triangle_9x9_rhombus_thin
          [minmay_the_grid_triangle_9x9_dagger,
          minmay_the_grid_triangle_9x9_prize_center,
          minmay_the_grid_triangle_9x9_limited_checkers,
          minmay_the_grid_triangle_9x9_cache], layout_loops_ring
D:8:      layout_loops_ring, erik_lair_dragon
D:9:      layout_cave_pools, uniq_pikel, uniq_gastronok
Temple:   nicolae_temple_the_god_donut

Skill      XL: |  1  2  3  4  5  6  7  8  9 |
---------------+----------------------------+-----
Stealth        | 8 9 10 | 10.0
Short Blades   | 3 4 6 9 10 | 10.0
Evocations     | 4 |  4.6
Dodging        | 4 |  4.3
Throwing       | 4 |  4.6
Fighting       | |  2.0

Action                   |  1- 3 |  4- 6 |  7- 9 || total
-------------------------+-------+-------+-------++-------
Melee: Dagger            |    45 |    48 |   264 ||   357
       Constrict         |     9 |     8 |    47 ||    64
       Tentacles         |     5 |     9 |    62 ||    76
Throw: Dart              |       |       |    18 ||    18
  Use: Scroll            |       |     1 |     4 ||     5
       Potion            |       |       |     3 ||     3
 Stab: Sleeping          |     7 |    14 |    19 ||    40
Armor: Skin              |     4 |     2 |     4 ||    10
Dodge: Dodged            |    18 |    15 |   125 ||   158
